SL
PHILADELPHIA 1776 BC @ ROCKY MOUNTAIN NUGGETS
06/04/2030
 
TOP OF THE 1ST
Philadelphia 1776 BC batting - Pitching for Rocky Mountain Nuggets : LHP Vincent Hall
Pitching: LHP Vincent Hall
Batting: LHB Manoo Satyavrat 0-0: Ball
1-0: Ball
2-0: Swinging Strike
2-1: Foul Ball, location: 2F
2-2: Strikes out swinging
Batting: LHB José Rodríguez 0-0: Ball
1-0: Ball
2-0: Called Strike
2-1: Ground out 5-3 (Groundball, 5)
Batting: RHB Fernando Rivera 0-0: Ball
1-0: Ground out 6-3 (Groundball, 6M)
Top of the 1st over - 0 runs, 0 hits, 0 errors, 0 left on base; Philadelphia 1776 0 - Rocky Mountain 0
BOTTOM OF THE 1ST
Rocky Mountain Nuggets batting - Pitching for Philadelphia 1776 BC : LHP Carlos Sánchez
Pitching: LHP Carlos Sánchez
Batting: RHB Luis Ríos 0-0: Called Strike
0-1: Swinging Strike
0-2: Foul Ball, location: 2F
0-2: Ground out 4-3 (Groundball, 34D)
Batting: LHB Roberto Salazar 0-0: SINGLE (Line Drive, 56D)
Batting: RHB Iván Vega 0-0: Called Strike
0-1: Foul Ball, location: 2F
0-2: Fly out, F5 (Line Drive, 5S)
Batting: LHB Javier Sánchez 0-0: Ball
Roberto Salazar steals 2nd base
1-0: Ball
2-0: Ball
3-0: Base on Balls
Batting: RHB Paco Muńóz 0-0: Ball
1-0: Ball
2-0: Called Strike
2-1: Ball
3-1: Base on Balls
Roberto Salazar to third
Javier Sánchez to second
Batting: LHB Roberto Sánchez 0-0: Fly out, F8 (Flyball, 78M)
Bottom of the 1st over - 0 runs, 1 hit, 0 errors, 3 left on base; Philadelphia 1776 0 - Rocky Mountain 0
TOP OF THE 2ND
Philadelphia 1776 BC batting - Pitching for Rocky Mountain Nuggets : LHP Vincent Hall
Batting: LHB Chase Popoff 0-0: Foul Ball, location: 2F
0-1: Ball
1-1: Ball
2-1: Swinging Strike
2-2: Fly out, F5 (Popup, 56S)
Batting: RHB John Schnatter 0-0: Ball
1-0: Foul Ball, location: 2F
1-1: Ball
2-1: Swinging Strike
2-2: Foul Ball, location: 2F
2-2: Ball
3-2: Ground out 5-3 (Groundball, 5)
Batting: RHB António Granados 0-0: Called Strike
0-1: Foul Ball, location: 2F
0-2: Ball
1-2: Ball
2-2: SINGLE (Line Drive, 8RS)
Batting: RHB Kent Summey 0-0: Fly out, F9 (Flyball, 9D)
Top of the 2nd over - 0 runs, 1 hit, 0 errors, 1 left on base; Philadelphia 1776 0 - Rocky Mountain 0
BOTTOM OF THE 2ND
Rocky Mountain Nuggets batting - Pitching for Philadelphia 1776 BC : LHP Carlos Sánchez
Batting: RHB Ludwig Kluge 0-0: Ball
1-0: Ground out 4-3 (Groundball, 34)
Batting: RHB Pedro Longoria 0-0: Ball
1-0: SINGLE (Line Drive, 9LM)
Batting: RHB Hieu De 0-0: Ball
1-0: Called Strike
1-1: Ball
2-1: Ball
3-1: Called Strike
3-2: Fly out, F8 (Line Drive, 8RM)
Batting: RHB Luis Ríos 0-0: Ball
1-0: Called Strike
1-1: Foul Ball, location: 2F
1-2: Foul Ball, location: 2F
1-2: Ball
2-2: Foul Ball, location: 2F
2-2: Ball
3-2: Ground out 3-1 (Groundball, 34S)
Bottom of the 2nd over - 0 runs, 1 hit, 0 errors, 1 left on base; Philadelphia 1776 0 - Rocky Mountain 0
TOP OF THE 3RD
Philadelphia 1776 BC batting - Pitching for Rocky Mountain Nuggets : LHP Vincent Hall
Batting: SHB Sam Quint 0-0: Ball
1-0: Foul Ball, location: 2F
1-1: Foul Ball, location: 2F
1-2: Ball
2-2: Fly out, F8 (Line Drive, 8LD)
Batting: LHB Tony Vega 0-0: Called Strike
0-1: Ball
1-1: Called Strike
1-2: Ball
2-2: Foul Ball, location: 2F
2-2: Strikes out swinging
Batting: LHB Manoo Satyavrat 0-0: Called Strike
0-1: Foul Ball, location: 2F
0-2: Ball
1-2: Ball
2-2: Ground out 6-3 (Groundball, 6M)
Top of the 3rd over - 0 runs, 0 hits, 0 errors, 0 left on base; Philadelphia 1776 0 - Rocky Mountain 0
BOTTOM OF THE 3RD
Rocky Mountain Nuggets batting - Pitching for Philadelphia 1776 BC : LHP Carlos Sánchez
Batting: LHB Roberto Salazar 0-0: Ball
1-0: Ground out 4-3 (Groundball, 4)
Batting: RHB Iván Vega 0-0: Ball
1-0: Ground out 6-3 (Groundball, 6)
Batting: LHB Javier Sánchez 0-0: Ball
1-0: Ball
2-0: Ball
3-0: Base on Balls
Batting: RHB Paco Muńóz 0-0: Called Strike
0-1: Ball
1-1: Fly out, F8 (Flyball, 78D)
Bottom of the 3rd over - 0 runs, 0 hits, 0 errors, 1 left on base; Philadelphia 1776 0 - Rocky Mountain 0
TOP OF THE 4TH
Philadelphia 1776 BC batting - Pitching for Rocky Mountain Nuggets : LHP Vincent Hall
Batting: LHB José Rodríguez 0-0: Swinging Strike
0-1: Swinging Strike
0-2: Strikes out swinging
Pitching: RHP Omar Casteneda
Batting: RHB Fernando Rivera 0-0: Ball
1-0: Called Strike
1-1: Fly out, F4 (Flyball, 34D)
Batting: LHB Chase Popoff 0-0: Ball
1-0: Called Strike
1-1: Ball
2-1: Fly out, F7 (Flyball, 7)
Top of the 4th over - 0 runs, 0 hits, 0 errors, 0 left on base; Philadelphia 1776 0 - Rocky Mountain 0
BOTTOM OF THE 4TH
Rocky Mountain Nuggets batting - Pitching for Philadelphia 1776 BC : LHP Pedro Garza
Pitching: LHP Pedro Garza
Batting: LHB Roberto Sánchez 0-0: Fly out, F7 (Flyball, 7LMF)
Batting: RHB Ludwig Kluge 0-0: Ground out 6-3 (Groundball, 56)
Batting: RHB Pedro Longoria 0-0: Ball
1-0: Called Strike
1-1: Foul Ball, location: 2F
1-2: Ball
2-2: Ball
3-2: Foul Ball, location: 2F
3-2: Ground out U3 (Groundball, 3L)
Bottom of the 4th over - 0 runs, 0 hits, 0 errors, 0 left on base; Philadelphia 1776 0 - Rocky Mountain 0
TOP OF THE 5TH
Philadelphia 1776 BC batting - Pitching for Rocky Mountain Nuggets : RHP Omar Casteneda
Batting: RHB John Schnatter 0-0: Ball
1-0: Ball
2-0: Foul Ball, location: 2F
2-1: Swinging Strike
2-2: Ball
3-2: Base on Balls
Batting: RHB António Granados 0-0: Ball
1-0: Grounds into double play, 5-4-3 (Groundball, 5)
Batting: RHB Kent Summey 0-0: Ground out 3-1 (Groundball, 34)
Top of the 5th over - 0 runs, 0 hits, 0 errors, 0 left on base; Philadelphia 1776 0 - Rocky Mountain 0
BOTTOM OF THE 5TH
Rocky Mountain Nuggets batting - Pitching for Philadelphia 1776 BC : LHP Pedro Garza
Batting: RHB Hieu De 0-0: Ball
1-0: Foul Ball, location: 2F
1-1: Called Strike
1-2: Strikes out swinging
Batting: RHB Luis Ríos 0-0: Foul Ball, location: 2F
0-1: Ball
1-1: Foul Ball, location: 2F
1-2: Ball
2-2: Fly out, F8 (Line Drive, 8RD)
Batting: LHB Roberto Salazar 0-0: Ball
1-0: Called Strike
1-1: Called Strike
1-2: Foul Ball, location: 2F
1-2: Ball
2-2: SINGLE (Line Drive, 56)
Batting: RHB Iván Vega 0-0: Swinging Strike
Passed Ball!
Roberto Salazar to second
0-1: Ground out 6-3 (Groundball, 6S)
Bottom of the 5th over - 0 runs, 1 hit, 0 errors, 1 left on base; Philadelphia 1776 0 - Rocky Mountain 0
TOP OF THE 6TH
Philadelphia 1776 BC batting - Pitching for Rocky Mountain Nuggets : RHP Omar Casteneda
Batting: SHB Sam Quint 0-0: Ball
1-0: Swinging Strike
1-1: Ball
2-1: Called Strike
2-2: Strikes out swinging
Batting: LHB Tony Vega 0-0: Foul Ball, location: 2F
0-1: Foul Ball, location: 2F
0-2: Ball
1-2: Ball
2-2: SINGLE (Flyball, 7LM)
Batting: LHB Manoo Satyavrat 0-0: Called Strike
0-1: Swinging Strike
0-2: Ball
1-2: Ball
2-2: Foul Ball, location: 2F
2-2: Foul Ball, location: 2F
2-2: Ball
3-2: Foul Ball, location: 2F
3-2: Foul Ball, location: 2F
3-2: Base on Balls
Tony Vega to second
Batting: LHB José Rodríguez 0-0: Ball
1-0: Foul Ball, location: 2F
1-1: SINGLE (Groundball, 34D)
Tony Vega to third
Manoo Satyavrat to second
Runner from 3rd tries for Home, SAFE, no throw
Batting: RHB Fernando Rivera 0-0: Called Strike
Throwing error on steal attempt, E2
Manoo Satyavrat scores
José Rodríguez to third
0-1: Ball
1-1: 2-RUN HOME RUN (Flyball, 7LD), Distance : 355 ft
Pitching: RHP Elton Mobley
Batting: LHB Chase Popoff 0-0: Fly out, F7 (Flyball, 78M)
Batting: RHB John Schnatter 0-0: Called Strike
0-1: Ball
1-1: Called Strike
1-2: Strikes out looking
Top of the 6th over - 4 runs, 3 hits, 1 error, 0 left on base; Philadelphia 1776 4 - Rocky Mountain 0
BOTTOM OF THE 6TH
Rocky Mountain Nuggets batting - Pitching for Philadelphia 1776 BC : LHP Pedro Garza
Batting: LHB Javier Sánchez 0-0: Ball
1-0: Ball
2-0: Foul Ball, location: 2F
2-1: Fly out, F3 (Popup, 34)
Batting: RHB Paco Muńóz 0-0: Foul Ball, location: 2F
0-1: Foul Ball, location: 2F
0-2: Ball
1-2: Foul Ball, location: 2F
1-2: Strikes out swinging
Batting: LHB Roberto Sánchez 0-0: Swinging Strike
0-1: Ball
1-1: Foul Ball, location: 2F
1-2: Fly out, F9 (Flyball, 9)
Bottom of the 6th over - 0 runs, 0 hits, 0 errors, 0 left on base; Philadelphia 1776 4 - Rocky Mountain 0
TOP OF THE 7TH
Philadelphia 1776 BC batting - Pitching for Rocky Mountain Nuggets : RHP Elton Mobley
Batting: RHB António Granados 0-0: Called Strike
0-1: Ball
1-1: Swinging Strike
1-2: Fly out, F3 (Popup, 3F)
Batting: RHB Kent Summey 0-0: Ball
1-0: Called Strike
1-1: Hit by Pitch
Batting: SHB Sam Quint 0-0: Called Strike
0-1: 2-RUN HOME RUN (Flyball, 9D), Distance : 393 ft
Batting: LHB Tony Vega 0-0: Ball
1-0: Foul Ball, location: 2F
1-1: Called Strike
1-2: Strikes out swinging
Batting: LHB Manoo Satyavrat 0-0: Foul Ball, location: 2F
0-1: Swinging Strike
0-2: Foul Ball, location: 2F
0-2: Strikes out looking
Top of the 7th over - 2 runs, 1 hit, 0 errors, 0 left on base; Philadelphia 1776 6 - Rocky Mountain 0
BOTTOM OF THE 7TH
Rocky Mountain Nuggets batting - Pitching for Philadelphia 1776 BC : LHP Pedro Garza
Batting: RHB Ludwig Kluge 0-0: Fly out, F7 (Flyball, 7LMF)
Batting: RHB Pedro Longoria 0-0: Ball
1-0: Called Strike
1-1: SINGLE (Line Drive, 78S)
Batting: RHB Hieu De 0-0: Ball
Pickoff Throw to First - Out!
1-0: Foul Ball, location: 2F
1-1: Foul Ball, location: 2F
1-2: Ball
2-2: Ball
3-2: Base on Balls
Batting: RHB Luis Ríos 0-0: Called Strike
0-1: Ball
1-1: Called Strike
1-2: Ball
2-2: Foul Ball, location: 2F
2-2: Ball
Throwing error on steal attempt, E2
Hieu De to third
3-2: Base on Balls
Batting: LHB Roberto Salazar 0-0: Ball
1-0: Ground out 4-3 (Groundball, 4)
Bottom of the 7th over - 0 runs, 1 hit, 1 error, 2 left on base; Philadelphia 1776 6 - Rocky Mountain 0
TOP OF THE 8TH
Philadelphia 1776 BC batting - Pitching for Rocky Mountain Nuggets : RHP Elton Mobley
Batting: LHB José Rodríguez 0-0: Called Strike
0-1: Ball
1-1: Ball
2-1: Ball
3-1: Foul Ball, location: 2F
3-2: Foul Ball, location: 2F
3-2: Base on Balls
Batting: RHB Fernando Rivera 0-0: Swinging Strike
0-1: Ball
Wild Pitch!
José Rodríguez to second
1-1: Foul Ball, location: 2F
1-2: Foul Ball, location: 2F
1-2: Ball
2-2: Ball
3-2: Strikes out swinging
Batting: LHB Chase Popoff 0-0: Ball
1-0: Foul Ball, location: 2F
1-1: Swinging Strike
1-2: Ball
2-2: Strikes out looking
Batting: RHB John Schnatter 0-0: Called Strike
0-1: Ball
1-1: Ball
2-1: Foul Ball, location: 2F
2-2: Ball
3-2: Strikes out swinging
Top of the 8th over - 0 runs, 0 hits, 0 errors, 1 left on base; Philadelphia 1776 6 - Rocky Mountain 0
BOTTOM OF THE 8TH
Rocky Mountain Nuggets batting - Pitching for Philadelphia 1776 BC : LHP Pedro Garza
Batting: RHB Iván Vega 0-0: Called Strike
0-1: Swinging Strike
0-2: Ball
1-2: Foul Ball, location: 2F
1-2: Foul Ball, location: 2F
1-2: Ball
2-2: SINGLE (Line Drive, 56D)
Pitching: RHP Bill Maddox
Batting: LHB Javier Sánchez 0-0: Ball
1-0: Called Strike
1-1: Foul Ball, location: 2F
1-2: Foul Ball, location: 2F
1-2: Ball
2-2: 2-RUN HOME RUN (Flyball, 89XD), Distance : 421 ft
Pitching: RHP António Rodríguez
Batting: RHB Paco Muńóz 0-0: Ball
1-0: SINGLE (Flyball, 89S)
Batting: LHB Roberto Sánchez 0-0: Ball
1-0: Swinging Strike
1-1: Fly out, F8 (Line Drive, 78D)
Batting: RHB Ludwig Kluge 0-0: Swinging Strike
0-1: Ball
1-1: Ball
2-1: Grounds into double play, 6-4-3 (Groundball, 6)
Bottom of the 8th over - 2 runs, 3 hits, 0 errors, 0 left on base; Philadelphia 1776 6 - Rocky Mountain 2
TOP OF THE 9TH
Philadelphia 1776 BC batting - Pitching for Rocky Mountain Nuggets : RHP Elton Mobley
Batting: RHB António Granados 0-0: Ball
1-0: Called Strike
1-1: Foul Ball, location: 2F
1-2: Ball
2-2: Ball
3-2: Foul Ball, location: 2F
3-2: Foul Ball, location: 2F
3-2: Ground out U3 (Groundball, 3L)
Batting: RHB Kent Summey 0-0: Called Strike
0-1: Ball
1-1: Swinging Strike
1-2: Hit by Pitch
Pitching: LHP Magnus Scheving
Batting: SHB Sam Quint 0-0: Called Strike
0-1: Foul Ball, location: 2F
0-2: Ball
1-2: Foul Ball, location: 2F
1-2: Foul Ball, location: 2F
1-2: SINGLE (Groundball, 4MD)
Kent Summey to second
Runner from 2nd tries for 3rd, SAFE, throw made to third
Batting: LHB Tony Vega 0-0: Ball
1-0: Grounds into double play, 4-6-3 (Groundball, 4)
Top of the 9th over - 0 runs, 1 hit, 0 errors, 1 left on base; Philadelphia 1776 6 - Rocky Mountain 2
BOTTOM OF THE 9TH
Rocky Mountain Nuggets batting - Pitching for Philadelphia 1776 BC : RHP António Rodríguez
Pitching: RHP Carlos Ramos
Batting: RHB Pedro Longoria 0-0: Foul Ball, location: 2F
0-1: Fly out, F7 (Flyball, 78M)
Batting: RHB Hieu De 0-0: Called Strike
0-1: Ball
1-1: Swinging Strike
1-2: Strikes out looking
Batting: RHB Luis Ríos 0-0: Ball
1-0: Foul Ball, location: 2F
1-1: Fly out, F9 (Flyball, 9)
Bottom of the 9th over - 0 runs, 0 hits, 0 errors, 0 left on base; Philadelphia 1776 6 - Rocky Mountain 2
Sunday, March 18th, 2018 - OOTP Baseball 18.8 Build 76